 Dungeon Crawl Stone Soup version 0.28-a0-533-g9f97627e2a (webtiles) character file.

Game seed: 6247155885251899974

1471 speeev33 the Skirmisher (level 8, -3/53 HPs)
             Began as a Gargoyle Fighter on Sept 26, 2021.
             Was a Follower of Okawaru.
             Slain by an ogre (21 damage)
             ... on level 5 of the Dungeon.
             The game lasted 00:07:52 (6083 turns).

speeev33 the Skirmisher (Gargoyle Fighter)          Turns: 6083, Time: 00:07:53

Health: -3/53      AC: 18    Str: 21    XL:     8   Next: 78%
Magic:  8/8        EV:  8    Int: 10    God:    Okawaru [*.....]
Gold:   201        SH:  5    Dex:  9    Spells: 7/7 levels left

rFire   . . .      SeeInvis .   j - +2 whip (elec)
rCold   . . .      Faith    .   c - +1 buckler
rNeg    + . .      Spirit   .   i - +0 chain mail
rPois   ∞          Reflect  .   (no helmet)
rElec   +          Harm     .   (no cloak)
rCorr   .          Rampage  .   m - +0 pair of gloves
Will    .....                   n - +0 pair of boots
Stlth   ..........              (no amulet)
HPRegen 0.17/turn               p - ring of flight
MPRegen 0.11/turn               (no ring)

@: flying
A: sickness immunity, AC +5, negative energy resistance 1, electricity
resistance, torment resistance 1, petrification resistance
a: Renounce Religion, Heroism


You were on level 5 of the Dungeon.
You worshipped Okawaru.
Okawaru was aware of your devotion.
You visited 2 branches of the dungeon, and saw 6 of its levels.

You collected 201 gold pieces.

Inventory:

Hand Weapons
 j - a +2 whip of electrocution (weapon)
Armour
 c - a +1 buckler (worn)
 i - a +0 chain mail (worn)
 m - a +0 pair of gloves (worn)
 n - a +0 pair of boots (worn)
Jewellery
 p - a ring of flight (left hand)
Wands
 g - a wand of flame (30)
 h - a wand of polymorph (9)
Scrolls
 b - a scroll of fear
 d - a scroll of immolation
 e - a scroll of blinking
 f - a scroll of holy word
 l - a scroll of teleportation
 o - a scroll of identify
Potions
 a - 2 potions of curing
 k - a potion of berserk rage


   Skills:
 + Level 7.3 Fighting
 + Level 6.2 Maces & Flails
 + Level 7.3 Armour
 - Level 4.0 Shields


You had 7 spell levels left.
You didn't know any spells.
Your spell library contained the following spells:

 Spells                   Type           Power      Damage    Failure   Level
 Beastly Appendage        Tmut           0%         N/A       96%         1
 Pain                     Necr           0%         1d4       96%         1
 Wereblood                Tmut           0%         N/A       99%         2
 Gell's Gravitas          Tloc           0%         N/A       100%        3
 Lesser Beckoning         Tloc           0%         N/A       100%        3
 Spider Form              Tmut/Pois      0%         N/A       100%        3
 Teleport Other           Tloc           0%         N/A       100%        3
 Vampiric Draining        Necr           0%         2d6       100%        3
 Petrify                  Tmut/Erth      0%         N/A       100%        4
 Irradiate                Conj/Tmut      0%         3d13      100%        5
 Animate Skeleton         Necr           Unusable   N/A       N/A         1
 Sublimation of Blood     Necr           Unusable   N/A       N/A         2
 Malign Gateway           Summ/Tloc      Unusable   N/A       N/A         7
 Summon Horrible Things   Summ           Unusable   N/A       N/A         8

Dungeon Overview and Level Annotations

Branches:
Dungeon (5/15)             Temple (1/1) D:4

Altars:
Ashenzari
Cheibriados
Elyvilon
Fedhas
Gozag
Hepliaklqana
Kikubaaqudgha
Makhleb
Nemelex Xobeh
Okawaru
Ru
Sif Muna
Trog
Uskayaw
Vehumet
Wu Jian
Xom
Yredelemnul
Zin
The Shining One

Shops:
D:2 (=*=   D:4 [

Annotations:
D:5 3 runed translucent doors


Innate Abilities, Weirdness & Mutations

You are immune to sickness and miasma.
Your stone body is resilient. (AC +5)
You are immune to poison.
You resist negative energy. (rN+)
You are resistant to electric shocks. (rElec)
You are resistant to unholy torment.
You are immune to petrification.


Message History

An ogre is nearby!
Found 12 gold pieces.
Found a scroll labelled SUENIAMPO ADDO.
The ogre completely misses you.
Your chain mail prevents you from hitting the ogre.
You barely miss the ogre. The ogre hits you with a +0 giant club!
You barely miss the ogre. You hit the ogre.
The ogre is lightly wounded.
The ogre barely misses you.
You barely miss the ogre.
The ogre is lightly wounded.
The ogre completely misses you.
You hit the ogre.
The ogre is lightly wounded.
You barely miss the ogre.
The ogre is lightly wounded.
The ogre hits you with a +0 giant club!!
You are too injured to fight recklessly!
You are too injured to fight recklessly!
You are too injured to fight recklessly!
You are too injured to fight recklessly!
You are too injured to fight recklessly!
You are too injured to fight recklessly!
You are too injured to fight recklessly!
An ogre is nearby!
You whack the ogre!
The ogre is moderately wounded.
The ogre hits you but does no damage.
You barely miss the ogre.
The ogre is moderately wounded.
You hit the ogre.
The ogre is moderately wounded.
You block the ogre's attack.
You barely miss the ogre.
The ogre is moderately wounded.
You fail to use your ability.
The ogre hits you with a +0 giant club!
You hit the ogre. Lightning courses through the ogre!
The ogre is almost dead.
The ogre hits you with a +0 giant club!!
You die...

#.# #...###.......
#.# ##............
##.# ##............
#.## #.......####..
##.## ##.....### ##.
#...## ##.###..# #.
#.##.## ##.## ##.#
#. #####.## ##.##
#.# #.. ##.## ##@##
##.## ##.
##.#####.O# ..## ##
##..##...## ...##
##.......####
##....#
#...####...##......#
#...# ###..........
#...# ##.....(...
#...# ##......$#
##..# ##.....##


You could see an ogre.

Vanquished Creatures
  Eustachio (D:4)
  A water moccasin (D:5)
  The ghost of MikuNakano the Skirmisher, an amateur OpFi (D:3)
  2 ogres (D:5)
  A phantom (D:5)
  A water moccasin zombie (D:5)
  5 crimson imps
  A centaur zombie (D:5)
  A hound (D:5)
  A bullfrog zombie (D:5)
  2 gnoll shamans
  2 centaur skeletons
  Jessica (D:2)
  3 iguanas (D:4)
  5 orc wizards
  10 gnolls
  4 adders
  A shadow imp (D:5)
  A white imp (D:4)
  A worm (D:2)
  3 dart slugs
  13 orcs
  3 ball pythons
  4 bats
  8 endoplasms
  5 giant cockroaches
  5 goblins
  7 hobgoblins
  7 jackals (D:2)
  4 quokkas
  3 frilled lizards
  A kobold (D:3)
  2 rats
110 creatures vanquished.

Vanquished Creatures (others)
  2 plants (D:1)
2 creatures vanquished.

Grand Total: 112 creatures vanquished

Notes
Turn   | Place    | Note
-------+----------+-------------------------------------------
     0 | D:1      | speeev33 the Gargoyle Fighter began the quest for the Orb.
     0 | D:1      | Reached XP level 1. HP: 14/14 MP: 1/1
   166 | D:1      | Found a faded altar of an unknown god.
   247 | D:1      | Reached XP level 2. HP: 19/19 MP: 2/2
   670 | D:2      | Noticed Jessica
   677 | D:2      | Killed Jessica
   678 | D:2      | Reached XP level 3. HP: 23/24 MP: 3/3
   781 | D:2      | Found Qashaida's Jewellery Shop.
   883 | D:2      | Found Ihykloza's Assorted Antiques.
   887 | D:2      | Reached XP level 4. HP: 29/29 MP: 4/4
   910 | D:2      | Found Voxom's Jewellery Shoppe.
  1007 | D:2      | Found Evvoba's Weapon Shop.
  1841 | D:3      | Found a large runed translucent door.
  1842 | D:3      | Found a large runed translucent door.
  2120 | D:3      | Reached XP level 5. HP: 31/33 MP: 5/5
  2394 | D:3      | Found a radiant altar of Vehumet.
  2675 | D:3      | Noticed MikuNakano's ghost (amateur OpFi)
  2813 | D:3      | Found a bloodstained altar of Trog.
  2935 | D:3      | Killed MikuNakano's ghost
  2936 | D:3      | Reached XP level 6. HP: 19/40 MP: 6/6
  3121 | D:4      | Found Esi Siur's Armour Boutique.
  3149 | D:4      | Reached skill level 5 in Fighting
  3149 | D:4      | Reached skill level 5 in Armour
  3255 | D:4      | Noticed Eustachio
  3282 | D:4      | Killed Eustachio
  3283 | D:4      | Reached XP level 7. HP: 31/44 MP: 7/7
  3983 | D:4      | Found a shimmering blue altar of Sif Muna.
  4015 | D:4      | Found a staircase to the Ecumenical Temple.
  4075 | Temple   | Entered the Ecumenical Temple
  4157 | Temple   | Became a worshipper of Warmaster Okawaru
  4910 | D:5      | Entered Level 5 of the Dungeon
  4917 | D:5      | Reached skill level 5 in Maces & Flails
  4960 | D:5      | Found a runed translucent gate.
  4962 | D:5      | Found a runed translucent gate.
  4962 | D:5      | Found a runed translucent gate.
  5026 | D:5      | Reached XP level 8. HP: 38/51 MP: 8/8
  5198 | D:5      | Reached * piety under Okawaru
  5210 | D:5      | Found a white marble altar of Elyvilon.
  5493 | D:5      | Found a shimmering altar of Xom.
  6083 | D:5      | Slain by an ogre

Illustrated notes

Levels and vault maps discovered:
D:1:      ncdulo_lavacross, layout_loops_ring, basic_ecumenical_altar,
          serial_bayou_ford_a
D:2:      layout_basic, serial_shops, nicolae_diamond_shop, nicolae_shop_trees,
          nicolae_square_shop, nicolae_shop_waterfront, hangedman_decor_growths,
          bh_walls_and_bars, uniq_jessica
D:3:      layout_loops_ring, vehumet_altar_wand_db,
          mainiacjoe_overflow_alcove_1, ebering_ghost_disaster_area
D:4:      layout_loops_corners, mainiacjoe_overflow_brackets,
          minmay_temple_entry_enclosed_plants, serial_shops, shop,
          minmay_fire_ice_demons, uniq_eustachio
D:5:      layout_layer_cave, elyvilon_altar_3, led_xom_imps,
          gammafunk_ghost_icy, uniq_crazy_yiuf_cottage
Temple:   regret_index_temple_waves

Skill      XL: |  1  2  3  4  5  6  7  8 |
---------------+-------------------------+-----
Shields        | 4 |  4.0
Fighting       | 4 5 6 7 |  7.3
Armour         | 4 5 6 7 |  7.3
Maces & Flails | 3 4 5 6 |  6.2

Action                   |  1- 3 |  4- 6 |  7- 9 || total
-------------------------+-------+-------+-------++-------
Melee: Flail             |    54 |    96 |       ||   150
       Whip              |       |   118 |   249 ||   367
  Use: Scroll            |     2 |     6 |     4 ||    12
       Potion            |       |     1 |       ||     1
 Stab: Distracted        |       |       |     1 ||     1
Armor: Scale mail        |    35 |    95 |       ||   130
       Chain mail        |       |    28 |   109 ||   137
Dodge: Dodged            |    22 |    93 |    69 ||   184
Block: Buckler           |    11 |    39 |    37 ||    87

Table legend: (Time is in decaauts)
 A = Elapsed time spent in this place.
 B = Non-inter-level travel time spent in this place.
 C = Inter-level travel time spent in this place.
 D = Time resting spent in this place.
 E = Time spent auto-exploring this place.
 F = Levels seen in this place.
 G = Mean time per level.
                   A        B        C        D        E       F      G
               +--------+--------+--------+--------+--------+-----+--------+
         Total |   6098 |   5910 |    188 |   1187 |   3649 |   6 | 1016.3 |
       Dungeon |   5946 |   5799 |    147 |   1187 |   3556 |   5 | 1189.2 |
        Temple |    152 |    111 |     41 |      0 |     93 |   1 |  152.0 |
               +--------+--------+--------+--------+--------+-----+--------+

Top non-repeatable levels by time:
     D:4: 1628 daAuts
     D:3: 1456 daAuts
     D:5: 1143 daAuts
     D:2: 1025 daAuts
     D:1: 692 daAuts
  Temple: 152 daAuts
